Bruins vs Oilers

Created - 23 janvier 2024 at 17:36

Goals
1 2 3 T
Bruins 1 1 3 5
Oilers 2 0 0 2
Shots
1 2 3 T
Bruins 22 7 10 39
Oilers 14 7 3 24

GoalsPenalties
1st period
1. Oilers , Jared McCann 21 (Frank Vatrano 18, Denis Malgin 1) at 3:53 (PP)
2. Bruins , Anthony Cirelli 14 (Patrik Laine 14) at 11:27
3. Oilers , Adrian Kempe 21 (Rasmus Dahlin 23, Chris Kreider 17) at 18:28
Ryan Graves (BOS) for Interference (Minor) at 2:15
Noah Gregor (EDM) for Fighting (Major) at 15:48
Sam Carrick (BOS) for Fighting (Major) at 15:48
2nd period
4. Bruins , Nino Niederreiter 17 (Robert Thomas 39, Sam Carrick 9) at 1:32
Joel Edmundson (EDM) for Hooking (Minor) at 6:04
Rasmus Dahlin (EDM) for High sticking (Minor) at 9:58
Joel Edmundson (EDM) for Hooking (Minor) at 14:33
3rd period
5. Bruins , J.J. Moser 2 (Tommy Novak 8, Sam Carrick 10) at 3:10
6. Bruins , Anthony Cirelli 15 (Matt Benning 6) at 6:34
7. Bruins , Anthony Cirelli 16 (Miro Heiskanen 30) at 16:29
Wade Allison (EDM) for Tripping (Minor) at 0:42
Robert Thomas (BOS) for Hooking (Minor) at 0:48
Miro Heiskanen (BOS) for Tripping (Minor) at 12:34
Ryan Graves (BOS) for Hooking (Minor) at 17:27
Goalie Stats
Ilya Sorokin (BOS), 22 saves from 24 shots - (0,917), W, 31-21-4, 60:00 minutes
Cam Talbot (EDM), 34 saves from 39 shots - (0,872), L, 23-18-7, 60:00 minutes
3 StarsOfficial
1 - Anthony Cirelli (BOS)
2 - J.J. Moser (BOS)
3 - Matt Benning (BOS)
Referees : Ghislain Hebert and Marc Joannette
Linesman : Cassandra Gregory and Alexandra Clarke
Game Note
Noah Gregor beats up Sam Carrick at 15:48 of 1st period
Anthony Cirelli has scored a Hat Trick!
Finance
Level 1 -- Attendance: 5965 (99%) -- Ticket Income $536,850
Level 2 -- Attendance: 4685 (94%) -- Ticket Income $234,250
Level 3 -- Attendance: 2000 (100%) -- Ticket Income $70,000
Level 4 -- Attendance: 2824 (74%) -- Ticket Income $56,480
Luxury Box -- Attendance: 947 (95%) -- Ticket Income $179,930
Game was played at the Rexall Place.
Total Attendance: 16421 (92%)
Total Ticket Income: $1,077,510
Other Income: $323,253
Total Income: $1,400,763



Team Name Goals Shots Shots Attemp Shots Blocked PIM HIT PP PK FO%
Bruins 53973713120 / 4 (0%)141%
Oilers 224451613161 / 4 (25%)059%

Bruins
Player Name POS G A P +/- PIM HIT SHT SB MP PP MP PP SHT PK MP PK SHT FO% FOT GA TA
Alex WennbergC0000003012:200:0000:50038% 800
Anthony CirelliC/LW3033027218:342:3803:18033% 1500
Brandon SaadLW/RW0000025019:582:3800:4900% 220
Conor GarlandLW/RW0000002015:052:3800:060100% 130
J.J. MoserD1014001012:340:0000:0000% 000
Jared SpurgeonD0000011027:284:1014:0100% 011
Jarred TinordiD0001000210:530:0003:5600% 100
Joel FarabeeLW/RW0003002011:420:0000:0000% 000
Matt BenningD0114010012:340:0000:0000% 001
Matt RoyD0000014119:581:5301:4100% 000
Miro HeiskanenD0110221024:134:1010:4400% 000
Nino NiederreiterLW/RW1010013020:113:2500:00050% 611
Ondrej PalatLW/RW0000005111:200:0000:0000% 000
Patrik LaineLW/RW0113011018:143:2501:3500% 000
Robert ThomasC/RW0110203122:483:2413:12046% 2600
Ryan GravesD0000411019:251:5301:0200% 000
Sam CarrickC/RW022150006:310:0000:00050% 200
Tommy NovakC011100008:320:0001:3400% 000
Oilers
Player Name POS G A P +/- PIM HIT SHT SB MP PP MP PP SHT PK MP PK SHT FO% FOT GA TA
Adam HenriqueC/LW000-2013121:382:2712:34050% 2812
Adrian KempeLW/RW1010015121:032:2733:1800% 000
Boris KatchoukLW000-1000011:240:0200:060100% 100
Brett KulakD000-1011010:472:4200:2000% 000
Chris KreiderLW011-1011018:562:2700:00067% 300
Chris TierneyC0000020021:150:0002:34080% 1500
Denis MalginLW/RW011000105:293:1500:2300% 000
Frank VatranoLW/RW011-2031018:583:1310:0000% 200
Jack JohnsonD000-1021221:101:1202:1500% 000
Jared McCannC/LW101-2027026:463:1323:11058% 1210
Joel EdmundsonD000-2400324:070:0001:1600% 012
Kurtis MacDermidD000-1010311:540:0002:1500% 000
Marco ScandellaD000-100029:440:0002:1200% 000
Nick BlankenburgD000000003:432:5800:0000% 001
Noah GregorLW/RW000-2500010:040:0000:0000% 002
Radko GudasD000-1010119:050:0203:4800% 000
Rasmus DahlinD011-1214220:504:3020:0000% 000
Wade AllisonRW000-2200115:060:0200:0000% 000

Bruins

5 vs 5 Forward
Line #Left WingCenterRight WingPHYDFOFWanted %Time %Time Play
1Brandon SaadRobert ThomasNino Niederreiter1224035%16:23
2Patrik LaineAnthony CirelliJoel Farabee1223025%11:42
3Ondrej PalatAlex WennbergConor Garland1222224%11:20
4Jarred TinordiSam CarrickTommy Novak131815%6:57
5 vs 5 Defense
Line #DefenseDefensePHYDFOFWanted %Time %Time Play
1Jared SpurgeonMiro Heiskanen1314539%18:12
2Matt RoyRyan Graves1313534%15:36
3J.J. MoserMatt Benning1402027%12:34
4Miro HeiskanenJared Spurgeon14000%0:00
Power Play Forward
Line #Left WingCenterRight WingPHYDFOFWanted %Time %Time Play
1Patrik LaineRobert ThomasNino Niederreiter0056556%3:25
2Brandon SaadAnthony CirelliConor Garland0053544%2:38
Power Play Defense
Line #DefenseDefensePHYDFOFWanted %Time %Time Play
1Jared SpurgeonMiro Heiskanen0147069%4:10
2Matt RoyRyan Graves0143031%1:53
Penalty Kill 4 Players Forward
Line #CenterWingPHYDFOFWanted %Time %Time Play
1Anthony CirelliRobert Thomas0506586%4:53
2Alex WennbergBrandon Saad0503514%0:49
Penalty Kill 4 Players Defense
Line #DefenseDefensePHYDFOFWanted %Time %Time Play
1Ryan GravesJared Spurgeon1406570%4:01
2Matt RoyMiro Heiskanen1403530%1:41
Penalty Kill 3 Players
Line #WingPHYDFOFWanted %Time %Time PlayDefenseDefensePHYDFOFWanted %Time %Time Play
1Anthony Cirelli050600%0:00 Ryan GravesJared Spurgeon140650%0:00
2Alex Wennberg050400%0:00 Matt RoyMiro Heiskanen140350%0:00
4 vs 4 Forward
Line #CenterWingPHYDFOFWanted %Time %Time Play
1Robert ThomasBrandon Saad12260100%1:53
2Anthony CirelliNino Niederreiter122400%0:00
4 vs 4 Defense
Line #DefensePHYDFOFWanted %Time %Time Play
1Jared SpurgeonRyan Graves1226058%60% - 1:05
2Matt RoyMiro Heiskanen1314042%40% - 0:48
Last Minutes Offensive
Left WingCenterRight WingDefenseDefense
Ondrej PalatRobert ThomasNino NiederreiterJared SpurgeonMiro Heiskanen
Last Minutes Defensive
Left WingCenterRight WingDefenseDefense
Alex WennbergAnthony CirelliRobert ThomasJared SpurgeonRyan Graves
Time
Total ForwardTotal DefenseLast Minutes OffensiveLast Minutes Defensive
60:00 60:00 0:000:00
Extra Forwards
Normal PowerPlayPenalty Kill
Nino Niederreiter, Patrik Laine, Robert ThomasNino Niederreiter, Patrik LaineAnthony Cirelli
Extra Defensemen
Normal PowerPlayPenalty Kill
Jared Spurgeon, Miro Heiskanen, Ryan GravesJared Spurgeon, Jared SpurgeonRyan Graves
Penalty Shots
Jared Spurgeon, Miro Heiskanen, Conor Garland, Robert Thomas, Joel Farabee
Goalie
Ilya Sorokin, Pyotr Kochetkov
Scratches
None

Oilers

5 vs 5 Forward
Line #Left WingCenterRight WingPHYDFOFWanted %Time %Time Play
1Jared McCannAdam HenriqueFrank Vatrano0323734%15:46
2Adrian KempeChris TierneyChris Kreider0323333%15:31
3Noah GregorJared McCannWade Allison1222217%7:45
4Boris KatchoukChris TierneyWade Allison131816%7:20
5 vs 5 Defense
Line #DefenseDefensePHYDFOFWanted %Time %Time Play
1Jack JohnsonJoel Edmundson1314036%16:40
2Rasmus DahlinRadko Gudas0233035%16:14
3Brett KulakJoel Edmundson1312013%5:56
4Marco ScandellaKurtis MacDermid1311016%7:32
Power Play Forward
Line #Left WingCenterRight WingPHYDFOFWanted %Time %Time Play
1Chris KreiderAdam HenriqueAdrian Kempe0145144%2:29
2Denis MalginJared McCannFrank Vatrano0144956%3:13
Power Play Defense
Line #DefenseDefensePHYDFOFWanted %Time %Time Play
1Brett KulakRasmus Dahlin0055348%2:44
2Rasmus DahlinNick Blankenburg0054752%2:58
Penalty Kill 4 Players Forward
Line #CenterWingPHYDFOFWanted %Time %Time Play
1Jared McCannAdrian Kempe1405156%3:23
2Chris TierneyAdam Henrique1404944%2:40
Penalty Kill 4 Players Defense
Line #DefenseDefensePHYDFOFWanted %Time %Time Play
1Joel EdmundsonRadko Gudas1405663%3:48
2Jack JohnsonKurtis MacDermid1404437%2:15
Penalty Kill 3 Players
Line #WingPHYDFOFWanted %Time %Time PlayDefenseDefensePHYDFOFWanted %Time %Time Play
1Boris Katchouk140550%0:00 Marco ScandellaRadko Gudas140550%0:00
2Chris Tierney140450%0:00 Brett KulakKurtis MacDermid140450%0:00
4 vs 4 Forward
Line #CenterWingPHYDFOFWanted %Time %Time Play
1Adam HenriqueAdrian Kempe12260100%1:53
2Jared McCannAdam Henrique122400%0:00
4 vs 4 Defense
Line #DefensePHYDFOFWanted %Time %Time Play
1Rasmus DahlinRadko Gudas1226060%60% - 1:08
2Brett KulakNick Blankenburg1224040%40% - 0:45
Last Minutes Offensive
Left WingCenterRight WingDefenseDefense
Chris KreiderDenis MalginAdrian KempeBrett KulakNick Blankenburg
Last Minutes Defensive
Left WingCenterRight WingDefenseDefense
Boris KatchoukChris TierneyNoah GregorMarco ScandellaJack Johnson
Time
Total ForwardTotal DefenseLast Minutes OffensiveLast Minutes Defensive
60:00 60:00 0:000:00
Extra Forwards
Normal PowerPlayPenalty Kill
Chris Kreider, Noah Gregor, Boris KatchoukFrank Vatrano, Boris KatchoukDenis Malgin
Extra Defensemen
Normal PowerPlayPenalty Kill
Jack Johnson, Joel Edmundson, Marco ScandellaJack Johnson, Joel EdmundsonMarco Scandella
Penalty Shots
Rasmus Dahlin, Adrian Kempe, Jared McCann, Adam Henrique, Frank Vatrano
Goalie
Cam Talbot, Petr Mrazek
Scratches
Nico Hischier (Upper Body Injury), Tucker Poolman (Healthy)


Play-by-Play

1st period


0:01 of 1st period - Robert Thomas wins face-off versus Adam Henrique in neutral zone.
0:50 of 1st period - Rasmus Dahlin is hit by Miro Heiskanen and loses puck.
1:40 of 1st period - Wrist shot by Robert Thomas.
1:40 of 1st period - Shot Misses the Net.
1:42 of 1st period - Snap shot by Matt Benning.
1:42 of 1st period - Deflect By Nino Niederreiter.
1:42 of 1st period - Shot Misses the Net.
1:42 of 1st period - Puck is out of play.
1:43 of 1st period - Chris Tierney wins face-off versus Nino Niederreiter in Oilers zone.
1:52 of 1st period - Wrist shot by Chris Kreider.
1:52 of 1st period - Stopped by Ilya Sorokin without a rebound.
1:53 of 1st period - Chris Tierney wins face-off versus Robert Thomas in Bruins zone.
2:00 of 1st period - Wrist shot by Adrian Kempe.
2:00 of 1st period - Shot Misses the Net.
2:02 of 1st period - Slapshot by Brett Kulak.
2:02 of 1st period - Shot Blocked by Matt Roy.
2:04 of 1st period - Snap shot by Joel Edmundson.
2:04 of 1st period - Shot Misses the Net.
2:06 of 1st period - Wrist shot by Brett Kulak.
2:06 of 1st period - Deflect By Brandon Saad.
2:06 of 1st period - Stopped by Ilya Sorokin without a rebound.
2:07 of 1st period - Adam Henrique wins face-off versus Anthony Cirelli in Bruins zone.
2:15 of 1st period - Minor Penalty to Ryan Graves for Interference.
2:16 of 1st period - Adam Henrique wins face-off versus Anthony Cirelli in Bruins zone.
2:20 of 1st period - Snap shot by Adrian Kempe.
2:20 of 1st period - Stopped by Ilya Sorokin without a rebound.
2:21 of 1st period - Adam Henrique wins face-off versus Anthony Cirelli in Bruins zone.
2:30 of 1st period - Wrist shot by Adam Henrique.
2:30 of 1st period - Shot Blocked by Robert Thomas.
2:32 of 1st period - Slapshot by Brett Kulak.
2:32 of 1st period - Shot Blocked by Anthony Cirelli.
2:34 of 1st period - Backhand shot by Adam Henrique.
2:34 of 1st period - Deflect By Robert Thomas.
2:34 of 1st period - Stopped by Ilya Sorokin with a rebound.
2:36 of 1st period - Snap shot by Adrian Kempe.
2:36 of 1st period - Stopped by Ilya Sorokin without a rebound.
2:37 of 1st period - Jared McCann wins face-off versus Anthony Cirelli in Bruins zone.
2:42 of 1st period - Slapshot by Rasmus Dahlin.
2:42 of 1st period - Shot Misses the Net.
2:44 of 1st period - Slapshot by Rasmus Dahlin.
2:44 of 1st period - Stopped by Ilya Sorokin without a rebound.
2:45 of 1st period - Jared McCann wins face-off versus Anthony Cirelli in Bruins zone.
2:58 of 1st period - Robert Thomas is hit by Jared McCann and loses puck.
3:35 of 1st period - Snap shot by Jared McCann.
3:35 of 1st period - Deflect By Frank Vatrano.
3:35 of 1st period - Stopped by Ilya Sorokin with a rebound.
3:37 of 1st period - Slapshot by Rasmus Dahlin.
3:37 of 1st period - Stopped by Ilya Sorokin with a rebound.
3:51 of 1st period - Slapshot by Frank Vatrano.
3:51 of 1st period - Shot Hit the Post.
3:53 of 1st period - Snap shot by Jared McCann.
3:53 of 1st period - Goal by Jared McCann - Bruins : 0 - Oilers : 1.
3:54 of 1st period - Chris Tierney wins face-off versus Anthony Cirelli in neutral zone.
4:21 of 1st period - Robert Thomas is hit by Jack Johnson and loses puck.
4:39 of 1st period - Off-side.
4:40 of 1st period - Chris Tierney wins face-off versus Alex Wennberg in neutral zone.
5:07 of 1st period - Wrist shot by Ondrej Palat.
5:07 of 1st period - Stopped by Cam Talbot with a rebound.
5:09 of 1st period - Slapshot by Ryan Graves.
5:09 of 1st period - Stopped by Cam Talbot without a rebound.
5:10 of 1st period - Robert Thomas wins face-off versus Adam Henrique in Oilers zone.
5:21 of 1st period - Slapshot by Adam Henrique.
5:21 of 1st period - Shot Misses the Net.
5:23 of 1st period - Wrist shot by Jared McCann.
5:23 of 1st period - Stopped by Ilya Sorokin with a rebound.
6:11 of 1st period - Snap shot by Ryan Graves.
6:11 of 1st period - Shot Blocked by Radko Gudas.
7:39 of 1st period - Snap shot by Nino Niederreiter.
7:39 of 1st period - Stopped by Cam Talbot with a rebound.
8:07 of 1st period - Matt Benning is hit by Radko Gudas.
8:51 of 1st period - Snap shot by Robert Thomas.
8:51 of 1st period - Shot Blocked by Kurtis MacDermid.
8:55 of 1st period - Snap shot by Robert Thomas.
8:55 of 1st period - Shot Blocked by Wade Allison.
8:57 of 1st period - Slapshot by Brandon Saad.
8:57 of 1st period - Stopped by Cam Talbot without a rebound.
8:58 of 1st period - Chris Tierney wins face-off versus Alex Wennberg in Oilers zone.
10:11 of 1st period - Slapshot by Ondrej Palat.
10:11 of 1st period - Shot Blocked by Marco Scandella.
10:13 of 1st period - Slapshot by Matt Roy.
10:13 of 1st period - Deflect By Conor Garland.
10:13 of 1st period - Shot Misses the Net.
10:13 of 1st period - Puck is out of play.
10:14 of 1st period - Conor Garland wins face-off versus Adam Henrique in Oilers zone.
10:15 of 1st period - Slapshot by Miro Heiskanen.
10:15 of 1st period - Shot Blocked by Jack Johnson.
10:17 of 1st period - Snap shot by Conor Garland.
10:17 of 1st period - Shot Misses the Net.
10:19 of 1st period - Snap shot by Alex Wennberg.
10:19 of 1st period - Stopped by Cam Talbot without a rebound.
10:20 of 1st period - Adam Henrique wins face-off versus Robert Thomas in Oilers zone.
10:20 of 1st period - Adam Henrique is hit by Nino Niederreiter.
10:26 of 1st period - Jared Spurgeon is hit by Frank Vatrano.
10:50 of 1st period - Snap shot by Adrian Kempe.
10:50 of 1st period - Stopped by Ilya Sorokin without a rebound.
10:51 of 1st period - Robert Thomas wins face-off versus Chris Tierney in Bruins zone.
11:06 of 1st period - Snap shot by Brandon Saad.
11:06 of 1st period - Shot Blocked by Adrian Kempe.
11:27 of 1st period - Snap shot by Anthony Cirelli.
11:27 of 1st period - Goal by Anthony Cirelli - Bruins : 1 - Oilers : 1.
11:28 of 1st period - Jared McCann wins face-off versus Brandon Saad in neutral zone.
11:35 of 1st period - Wrist shot by Jared McCann.
11:35 of 1st period - Shot Misses the Net.
11:55 of 1st period - Jack Johnson is hit by Anthony Cirelli and loses puck.
12:00 of 1st period - Snap shot by Joel Farabee.
12:00 of 1st period - Shot Misses the Net.
12:06 of 1st period - Snap shot by Anthony Cirelli.
12:06 of 1st period - Stopped by Cam Talbot with a rebound.
12:24 of 1st period - Wrist shot by Conor Garland.
12:24 of 1st period - Shot Blocked by Adam Henrique.
12:26 of 1st period - Snap shot by Alex Wennberg.
12:26 of 1st period - Shot Misses the Net.
12:28 of 1st period - Slapshot by Ondrej Palat.
12:28 of 1st period - Deflect By Conor Garland.
12:28 of 1st period - Shot Misses the Net.
12:28 of 1st period - Puck is out of play.
12:29 of 1st period - Chris Tierney wins face-off versus Nino Niederreiter in Oilers zone.
12:36 of 1st period - Robert Thomas is hit by Chris Tierney and loses puck.
12:43 of 1st period - Slapshot by Rasmus Dahlin.
12:43 of 1st period - Stopped by Ilya Sorokin without a rebound.
12:44 of 1st period - Anthony Cirelli wins face-off versus Adam Henrique in Bruins zone.
12:49 of 1st period - Snap shot by Joel Farabee.
12:49 of 1st period - Stopped by Cam Talbot with a rebound.
13:42 of 1st period - Robert Thomas is hit by Jared McCann and loses puck.
14:01 of 1st period - Snap shot by Robert Thomas.
14:01 of 1st period - Stopped by Cam Talbot with a rebound.
14:58 of 1st period - Off-side.
14:59 of 1st period - Anthony Cirelli wins face-off versus Adam Henrique in neutral zone.
15:39 of 1st period - Off-side.
15:40 of 1st period - Jared McCann wins face-off versus Jarred Tinordi in neutral zone.
15:48 of 1st period - Noah Gregor beats up Sam Carrick.
15:48 of 1st period - Penalty to Noah Gregor for Fighting.
15:48 of 1st period - Penalty to Sam Carrick for Fighting.
15:49 of 1st period - Robert Thomas wins face-off versus Adam Henrique in neutral zone.
15:54 of 1st period - Slapshot by Nino Niederreiter.
15:54 of 1st period - Deflect By Brandon Saad.
15:54 of 1st period - Shot Misses the Net.
15:54 of 1st period - Puck is out of play.
15:55 of 1st period - Adam Henrique wins face-off versus Robert Thomas in Oilers zone.
16:11 of 1st period - Slapshot by Brandon Saad.
16:11 of 1st period - Shot Misses the Net.
16:47 of 1st period - Wrist shot by Jared McCann.
16:47 of 1st period - Stopped by Ilya Sorokin without a rebound.
16:48 of 1st period - Chris Tierney wins face-off versus Alex Wennberg in Bruins zone.
16:57 of 1st period - Wrist shot by Conor Garland.
16:57 of 1st period - Stopped by Cam Talbot with a rebound.
16:59 of 1st period - Snap shot by Conor Garland.
16:59 of 1st period - Stopped by Cam Talbot with a rebound.
17:01 of 1st period - Snap shot by Ondrej Palat.
17:01 of 1st period - Stopped by Cam Talbot with a rebound.
17:03 of 1st period - Slapshot by Miro Heiskanen.
17:03 of 1st period - Shot Misses the Net.
17:05 of 1st period - Snap shot by Alex Wennberg.
17:05 of 1st period - Stopped by Cam Talbot without a rebound.
17:06 of 1st period - Adam Henrique wins face-off versus Robert Thomas in Oilers zone.
17:35 of 1st period - Slapshot by Anthony Cirelli.
17:35 of 1st period - Shot Blocked by Joel Edmundson.
18:03 of 1st period - Snap shot by Ondrej Palat.
18:03 of 1st period - Shot Blocked by Joel Edmundson.
18:05 of 1st period - Snap shot by Alex Wennberg.
18:05 of 1st period - Stopped by Cam Talbot without a rebound.
18:06 of 1st period - Nino Niederreiter wins face-off versus Jared McCann in Oilers zone.
18:11 of 1st period - Wrist shot by Robert Thomas.
18:11 of 1st period - Shot Misses the Net.
18:13 of 1st period - Wrist shot by Brandon Saad.
18:13 of 1st period - Stopped by Cam Talbot with a rebound.
18:15 of 1st period - Snap shot by Matt Roy.
18:15 of 1st period - Stopped by Cam Talbot with a rebound.
18:17 of 1st period - Wrist shot by Brandon Saad.
18:17 of 1st period - Stopped by Cam Talbot without a rebound.
18:18 of 1st period - Chris Kreider wins face-off versus Robert Thomas in Oilers zone.
18:18 of 1st period - Chris Kreider is hit by Miro Heiskanen.
18:28 of 1st period - Wrist shot by Adrian Kempe.
18:28 of 1st period - Goal by Adrian Kempe - Bruins : 1 - Oilers : 2.
18:29 of 1st period - Anthony Cirelli wins face-off versus Adam Henrique in neutral zone.
18:36 of 1st period - Wrist shot by Joel Farabee.
18:36 of 1st period - Stopped by Cam Talbot with a rebound.
18:38 of 1st period - Slapshot by Anthony Cirelli.
18:38 of 1st period - Stopped by Cam Talbot with a rebound.
18:40 of 1st period - Snap shot by Patrik Laine.
18:40 of 1st period - Stopped by Cam Talbot with a rebound.
19:22 of 1st period - Snap shot by Matt Roy.
19:22 of 1st period - Stopped by Cam Talbot with a rebound.
19:24 of 1st period - Slapshot by Ryan Graves.
19:24 of 1st period - Shot Blocked by Joel Edmundson.
19:42 of 1st period - Slapshot by Matt Roy.
19:42 of 1st period - Stopped by Cam Talbot with a rebound.
Goals for this period are 1 for Bruins vs 2 for Oilers.
Shots for this period are 22 for Bruins vs 14 for Oilers.

2nd period


0:01 of 2nd period - Adam Henrique wins face-off versus Robert Thomas in neutral zone.
0:03 of 2nd period - Off-side.
0:04 of 2nd period - Robert Thomas wins face-off versus Frank Vatrano in neutral zone.
0:45 of 2nd period - Snap shot by Ondrej Palat.
0:45 of 2nd period - Stopped by Cam Talbot with a rebound.
1:32 of 2nd period - Slapshot by Nino Niederreiter.
1:32 of 2nd period - Goal by Nino Niederreiter - Bruins : 2 - Oilers : 2.
1:33 of 2nd period - Nino Niederreiter wins face-off versus Jared McCann in neutral zone.
1:38 of 2nd period - Snap shot by Jared McCann.
1:38 of 2nd period - Stopped by Ilya Sorokin with a rebound.
3:22 of 2nd period - Icing by J.J. Moser.
3:23 of 2nd period - Anthony Cirelli wins face-off versus Chris Kreider in Bruins zone.
3:57 of 2nd period - Snap shot by Adam Henrique.
3:57 of 2nd period - Stopped by Ilya Sorokin without a rebound.
3:58 of 2nd period - Adam Henrique wins face-off versus Robert Thomas in Bruins zone.
4:41 of 2nd period - Slapshot by Rasmus Dahlin.
4:41 of 2nd period - Stopped by Ilya Sorokin with a rebound.
4:48 of 2nd period - Rasmus Dahlin is hit by Ryan Graves and loses puck.
4:54 of 2nd period - Off-side.
4:55 of 2nd period - Robert Thomas wins face-off versus Adam Henrique in neutral zone.
5:09 of 2nd period - Backhand shot by Adam Henrique.
5:09 of 2nd period - Shot Misses the Net.
5:11 of 2nd period - Wrist shot by Adam Henrique.
5:11 of 2nd period - Stopped by Ilya Sorokin with a rebound.
5:33 of 2nd period - Snap shot by Patrik Laine.
5:33 of 2nd period - Shot Misses the Net.
5:35 of 2nd period - Slapshot by Miro Heiskanen.
5:35 of 2nd period - Shot Blocked by Kurtis MacDermid.
5:45 of 2nd period - Wrist shot by Jared McCann.
5:45 of 2nd period - Stopped by Ilya Sorokin without a rebound.
5:46 of 2nd period - Jared McCann wins face-off versus Alex Wennberg in Bruins zone.
6:04 of 2nd period - Minor Penalty to Joel Edmundson for Hooking.
6:05 of 2nd period - Jared McCann wins face-off versus Robert Thomas in Oilers zone.
7:53 of 2nd period - Brandon Saad is hit by Jack Johnson and loses puck.
8:04 of 2nd period - Penalty to Joel Edmundson is over, Joel Edmundson is back on ice.
8:27 of 2nd period - Snap shot by Sam Carrick.
8:27 of 2nd period - Shot Blocked by Jack Johnson.
9:03 of 2nd period - Slapshot by Tommy Novak.
9:03 of 2nd period - Shot Misses the Net.
9:13 of 2nd period - Snap shot by Denis Malgin.
9:13 of 2nd period - Stopped by Ilya Sorokin with a rebound.
9:15 of 2nd period - Wrist shot by Jack Johnson.
9:15 of 2nd period - Stopped by Ilya Sorokin without a rebound.
9:16 of 2nd period - Alex Wennberg wins face-off versus Frank Vatrano in Bruins zone.
9:23 of 2nd period - Slapshot by Conor Garland.
9:23 of 2nd period - Deflect By Ondrej Palat.
9:23 of 2nd period - Deflect By Rasmus Dahlin.
9:23 of 2nd period - Stopped by Cam Talbot without a rebound.
9:24 of 2nd period - Alex Wennberg wins face-off versus Adam Henrique in Oilers zone.
9:58 of 2nd period - Minor Penalty to Rasmus Dahlin for High sticking.
9:59 of 2nd period - Robert Thomas wins face-off versus Jared McCann in Oilers zone.
11:58 of 2nd period - Penalty to Rasmus Dahlin is over, Rasmus Dahlin is back on ice.
12:26 of 2nd period - Off-side.
12:27 of 2nd period - Chris Tierney wins face-off versus Alex Wennberg in neutral zone.
12:30 of 2nd period - Slapshot by Joel Edmundson.
12:30 of 2nd period - Shot Blocked by Ondrej Palat.
12:44 of 2nd period - Matt Benning is hit by Brett Kulak and loses puck.
12:53 of 2nd period - Wrist shot by Alex Wennberg.
12:53 of 2nd period - Shot Blocked by Rasmus Dahlin.
12:55 of 2nd period - Snap shot by Alex Wennberg.
12:55 of 2nd period - Deflect By Ondrej Palat.
12:55 of 2nd period - Shot Misses the Net.
12:55 of 2nd period - Puck is out of play.
12:56 of 2nd period - Chris Kreider wins face-off versus Robert Thomas in Oilers zone.
14:08 of 2nd period - Wrist shot by Nino Niederreiter.
14:08 of 2nd period - Shot Blocked by Marco Scandella.
14:12 of 2nd period - Wrist shot by Robert Thomas.
14:12 of 2nd period - Stopped by Cam Talbot with a rebound.
14:18 of 2nd period - Snap shot by Robert Thomas.
14:18 of 2nd period - Shot Misses the Net.
14:20 of 2nd period - Slapshot by J.J. Moser.
14:20 of 2nd period - Deflect By Brandon Saad.
14:20 of 2nd period - Shot Blocked by Kurtis MacDermid.
14:20 of 2nd period - Puck is out of play.
14:21 of 2nd period - Anthony Cirelli wins face-off versus Adam Henrique in Oilers zone.
14:33 of 2nd period - Minor Penalty to Joel Edmundson for Hooking.
14:34 of 2nd period - Jared McCann wins face-off versus Robert Thomas in Oilers zone.
14:42 of 2nd period - Snap shot by Jared Spurgeon.
14:42 of 2nd period - Deflect By Adrian Kempe.
14:42 of 2nd period - Stopped by Cam Talbot without a rebound.
14:43 of 2nd period - Nino Niederreiter wins face-off versus Jared McCann in Oilers zone.
14:46 of 2nd period - Snap shot by Robert Thomas.
14:46 of 2nd period - Stopped by Cam Talbot with a rebound.
15:14 of 2nd period - Slapshot by Miro Heiskanen.
15:14 of 2nd period - Stopped by Cam Talbot without a rebound.
15:15 of 2nd period - Chris Tierney wins face-off versus Brandon Saad in Oilers zone.
15:26 of 2nd period - Kurtis MacDermid is hit by Jared Spurgeon and loses puck.
16:13 of 2nd period - Icing by Robert Thomas.
16:14 of 2nd period - Robert Thomas wins face-off versus Jared McCann in Bruins zone.
16:33 of 2nd period - Penalty to Joel Edmundson is over, Joel Edmundson is back on ice.
16:33 of 2nd period - Wrist shot by Chris Tierney.
16:33 of 2nd period - Shot Misses the Net.
16:52 of 2nd period - Jack Johnson is hit by Matt Benning and loses puck.
16:55 of 2nd period - Slapshot by Kurtis MacDermid.
16:55 of 2nd period - Shot Misses the Net.
17:05 of 2nd period - Ondrej Palat is hit by Adam Henrique and loses puck.
18:26 of 2nd period - Chris Kreider is hit by Anthony Cirelli and loses puck.
18:57 of 2nd period - Snap shot by Ondrej Palat.
18:57 of 2nd period - Shot Misses the Net.
19:26 of 2nd period - Chris Tierney is hit by Matt Roy.
19:57 of 2nd period - Anthony Cirelli is hit by Adrian Kempe and loses puck.
Goals for this period are 1 for Bruins vs 0 for Oilers.
Shots for this period are 7 for Bruins vs 7 for Oilers.

3rd period


0:01 of 3rd period - Robert Thomas wins face-off versus Adam Henrique in neutral zone.
0:31 of 3rd period - Icing by Robert Thomas.
0:32 of 3rd period - Chris Tierney wins face-off versus Robert Thomas in Bruins zone.
0:42 of 3rd period - Minor Penalty to Wade Allison for Tripping.
0:43 of 3rd period - Chris Tierney wins face-off versus Robert Thomas in Oilers zone.
0:48 of 3rd period - Minor Penalty to Robert Thomas for Hooking.
0:49 of 3rd period - Adam Henrique wins face-off versus Nino Niederreiter in Bruins zone.
2:39 of 3rd period - Anthony Cirelli is hit by Rasmus Dahlin.
2:42 of 3rd period - Penalty to Wade Allison is over, Wade Allison is back on ice.
2:48 of 3rd period - Penalty to Robert Thomas is over, Robert Thomas is back on ice.
2:49 of 3rd period - Conor Garland is hit by Frank Vatrano and loses puck.
3:02 of 3rd period - Snap shot by Anthony Cirelli.
3:02 of 3rd period - Stopped by Cam Talbot with a rebound.
3:04 of 3rd period - Snap shot by Robert Thomas.
3:04 of 3rd period - Shot Misses the Net.
3:06 of 3rd period - Slapshot by Matt Roy.
3:06 of 3rd period - Stopped by Cam Talbot without a rebound.
3:07 of 3rd period - Sam Carrick wins face-off versus Chris Tierney in Oilers zone.
3:10 of 3rd period - Backhand shot by J.J. Moser.
3:10 of 3rd period - Goal by J.J. Moser - Bruins : 3 - Oilers : 2.
3:11 of 3rd period - Robert Thomas wins face-off versus Adam Henrique in neutral zone.
3:26 of 3rd period - Wrist shot by Jared McCann.
3:26 of 3rd period - Shot Misses the Net.
3:28 of 3rd period - Snap shot by Adam Henrique.
3:28 of 3rd period - Shot Hit the Post.
5:13 of 3rd period - Miro Heiskanen is hit by Kurtis MacDermid and loses puck.
6:09 of 3rd period - Jarred Tinordi is hit by Frank Vatrano and loses puck.
6:32 of 3rd period - Wrist shot by Anthony Cirelli.
6:32 of 3rd period - Stopped by Cam Talbot with a rebound.
6:34 of 3rd period - Snap shot by Anthony Cirelli.
6:34 of 3rd period - Goal by Anthony Cirelli - Bruins : 4 - Oilers : 2.
6:35 of 3rd period - Chris Tierney wins face-off versus Robert Thomas in neutral zone.
7:06 of 3rd period - Rasmus Dahlin is hit by Patrik Laine and loses puck.
9:31 of 3rd period - Adam Henrique is hit by Brandon Saad and loses puck.
9:55 of 3rd period - Off-side.
9:56 of 3rd period - Boris Katchouk wins face-off versus Sam Carrick in neutral zone.
10:01 of 3rd period - Wrist shot by Chris Tierney.
10:01 of 3rd period - Shot Blocked by Jarred Tinordi.
10:03 of 3rd period - Snap shot by Wade Allison.
10:03 of 3rd period - Shot Misses the Net.
11:50 of 3rd period - Ryan Graves is hit by Chris Tierney.
12:13 of 3rd period - Wrist shot by Alex Wennberg.
12:13 of 3rd period - Deflect By Ondrej Palat.
12:13 of 3rd period - Stopped by Cam Talbot without a rebound.
12:14 of 3rd period - Robert Thomas wins face-off versus Adam Henrique in Oilers zone.
12:15 of 3rd period - Slapshot by Brandon Saad.
12:15 of 3rd period - Stopped by Cam Talbot without a rebound.
12:16 of 3rd period - Adam Henrique wins face-off versus Robert Thomas in Oilers zone.
12:16 of 3rd period - Adam Henrique is hit by Brandon Saad.
12:34 of 3rd period - Minor Penalty to Miro Heiskanen for Tripping.
12:35 of 3rd period - Adam Henrique wins face-off versus Anthony Cirelli in Bruins zone.
12:36 of 3rd period - Snap shot by Adrian Kempe.
12:36 of 3rd period - Stopped by Ilya Sorokin with a rebound.
12:48 of 3rd period - Snap shot by Anthony Cirelli.
12:48 of 3rd period - Deflect By Chris Kreider.
12:48 of 3rd period - Shot Misses the Net.
12:48 of 3rd period - Puck is out of play.
12:49 of 3rd period - Adam Henrique wins face-off versus Anthony Cirelli in Oilers zone.
14:34 of 3rd period - Penalty to Miro Heiskanen is over, Miro Heiskanen is back on ice.
14:43 of 3rd period - Icing by Brett Kulak.
14:44 of 3rd period - Alex Wennberg wins face-off versus Chris Tierney in Oilers zone.
14:49 of 3rd period - Wrist shot by Alex Wennberg.
14:49 of 3rd period - Shot Blocked by Rasmus Dahlin.
15:10 of 3rd period - Slapshot by Rasmus Dahlin.
15:10 of 3rd period - Shot Misses the Net.
15:42 of 3rd period - Snap shot by Brandon Saad.
15:42 of 3rd period - Stopped by Cam Talbot with a rebound.
15:44 of 3rd period - Wrist shot by Nino Niederreiter.
15:44 of 3rd period - Stopped by Cam Talbot with a rebound.
16:29 of 3rd period - Snap shot by Anthony Cirelli.
16:29 of 3rd period - Goal by Anthony Cirelli - Bruins : 5 - Oilers : 2.
16:30 of 3rd period - Robert Thomas wins face-off versus Adam Henrique in neutral zone.
16:35 of 3rd period - Slapshot by Jared McCann.
16:35 of 3rd period - Stopped by Ilya Sorokin with a rebound.
17:27 of 3rd period - Minor Penalty to Ryan Graves for Hooking.
17:28 of 3rd period - Adam Henrique wins face-off versus Anthony Cirelli in Bruins zone.
17:31 of 3rd period - Slapshot by Chris Kreider.
17:31 of 3rd period - Shot Blocked by Jarred Tinordi.
17:33 of 3rd period - Wrist shot by Adrian Kempe.
17:33 of 3rd period - Shot Misses the Net.
17:35 of 3rd period - Snap shot by Chris Kreider.
17:35 of 3rd period - Shot Blocked by Anthony Cirelli.
18:29 of 3rd period - Snap shot by Jared McCann.
18:29 of 3rd period - Stopped by Ilya Sorokin without a rebound.
18:30 of 3rd period - Adam Henrique wins face-off versus Anthony Cirelli in Bruins zone.
18:41 of 3rd period - Jared Spurgeon is hit by Chris Kreider and loses puck.
19:27 of 3rd period - Penalty to Ryan Graves is over, Ryan Graves is back on ice.
Goals for this period are 3 for Bruins vs 0 for Oilers.
Shots for this period are 10 for Bruins vs 3 for Oilers.